AoeStats
← Dande1987

Four Lakes

509957046Analyzed
1v1 RM · 2d ago on Sep 28, 2026· 60m 54s· 2 players
Game mode
Random Map
Map size
Tiny (2 player)
Population
200
Speed
Normal
Resources
Standard
Victory
Conquest
Starting age
Dark Age
Ending age
Imperial Age
RankedLock teamsTeams togetherTeam positionsShared explorationLock speedFull tech treeHidden civsTurbo modeCheats
Victory
Defeat
🇪🇸 Mongols · Spain
573
+18
🇷🇺 Cumans · Russia
606
-18
Dande1987
2:12 Loom
9:22 Feudal Age
9:57 Double-Bit Axe
11:15 Wheelbarrow
11:02 Man-at-Arms
13:20 Fishing Lines
14:30 Stone Mining
17:57 Arson
21:27 Town Watch
23:51 Scale Mail Armor
24:01 Forging
26:17 Castle Age
26:28 Long Swordsman
27:09 Squires
27:26 Chain Mail Armor
27:47 Iron Casting
27:29 Hand Cart
27:58 Bow Saw
28:56 Horse Collar
30:00 Pikeman
30:48 Thumb Ring
32:48 Heavy Plow
33:04 Town Patrol
33:50 Stone Shaft Mining
33:08 Gold Mining
40:11 Imperial Age
39:15 Bloodlines
39:06 Husbandry
38:26 Light Cavalry
40:33 Capped Ram
41:57 Stone Shaft Mining
41:58 Gold Shaft Mining
42:09 Scale Barding Armor
42:18 Masonry
43:20 Chemistry
42:31 Fortified Wall
42:16 Murder Holes
44:32 Padded Archer Armor
44:22 Fletching
45:08 Iron Casting
45:03 Plate Mail Armor
45:54 Elite Skirmisher
47:04 Cavalier
48:03 Crossbowman
50:21 Two-Handed Swordsman
50:50 Heavy Camel Rider
53:14 Nomads
52:45 Sappers
54:12 Parthian Tactics
danilka_volkov
8:57 Loom
11:49 Feudal Age
16:43 Horse Collar
17:47 Double-Bit Axe
19:17 Man-at-Arms
20:00 Scale Mail Armor
20:01 Padded Archer Armor
29:15 Forging
31:31 Castle Age
33:26 Bloodlines
33:42 Long Swordsman
35:09 Iron Casting
44:12 Scale Barding Armor
49:15 Light Cavalry
51:50 Wheelbarrow
52:02 Wheelbarrow
53:51 Hand Cart
Connection lost

Rejoining the realm…

Still unreachable

The connection could not be restored.

Session expired

The server has moved on; the page needs a fresh start.